Map: Blueshift LE

Players

blitzkrieg

  • Race: Protoss Protoss
  • League: Diamond
  • Spawn Location: 7:00

TeKniKaL - Winner!

  • Race: Terran Terran
  • League: Master
  • Spawn Location: 1:00

VOD

Have the link to the VOD?

Description

Time

  • Played on: Oct. 21, 2018, 11:51 a.m.
  • Length: 7:33
Show
View Real Time Build Order
Export as new Build Order

blitzkrieg Protoss 

Build Orders:  

Get SALT Encoding   

  12  0:00  Probe  
  13  0:13  Probe  
  14  0:18  Pylon  
  14  0:24  Probe  
  15  0:32  Probe  
  15  0:39  Gateway  
  15  0:40  Probe  
  16  0:47  Assimilator  
  17  0:51  Probe  
  18  1:03  Probe  
  19  1:18  Probe  
  20  1:31  Cybernetics Core  
  20  1:46  Nexus, Probe, Assimilator  
  21  1:57  Stalker  
  22  2:06  Pylon  
  23  2:09  Warp Gate  
  23  2:27  Stalker  
  23  2:31  Robotics Facility  
  25  2:44  Probe  
  26  2:56  Probe  
  26  2:58  Stalker  
  29  3:08  Probe  
  30  3:20  Probe  
  30  3:24  Probe  
  32  3:28  Stalker, Immortal  
  32  3:33  Probe  
  35  3:36  Probe  
  38  3:45  Probe  
  39  3:58  Gateway  
  39  3:59  Gateway  
  39  4:14  Probe x2  
  37  4:26  Probe x2  
  38  4:38  Probe x2  
  38  4:42  Immortal  
  44  4:47  Pylon  
  44  4:50  Probe  
  43  4:54  Stalker  
  43  5:03  Stalker  
  43  5:04  Stalker  
  43  5:05  Probe  
  44  5:10  Probe  
  43  5:17  Probe  
  44  5:22  Probe  
  45  5:29  Probe  
  45  5:34  Probe  
  47  5:40  Pylon  
  47  5:42  Observer  
  48  5:43  Assimilator  
  48  5:45  Probe  
  49  5:57  Probe x2  
  50  6:03  Observer  
  52  6:09  Probe x2  
  52  6:10  Robotics Bay  
  54  6:19  Shield Battery  
  54  6:21  Probe x2  
  56  6:33  Probe x2  
  58  6:43  Nexus  
  58  6:45  Probe x2  
  60  7:01  Probe x2  
  60  7:14  Stalker x2  
  62  7:18  Pylon  
Show
View Real Time Build Order
Export as new Build Order

TeKniKaL Terran - Winner!

Build Orders: Cyclone Opening, MMM Bio 

Get SALT Encoding   

  12  0:03  SCV  
  13  0:15  SCV  
  13  0:19  Supply Depot  
  14  0:27  SCV  
  15  0:41  SCV  
  16  0:45  Refinery  
  16  0:46  Barracks  
  16  0:53  SCV  
  16  0:54  Refinery  
  17  1:05  SCV  
  18  1:17  SCV  
  20  1:33  Engineering Bay  
  20  1:34  Reaper  
  20  1:35  Orbital Command  
  20  1:47  Factory  
  20  2:00  Supply Depot  
  20  2:03  SCV  
  21  2:15  SCV  
  22  2:27  SCV  
  23  2:31  Barracks Reactor  
  23  2:32  Cyclone  
  26  2:39  SCV  
  27  2:50  Supply Depot  
  27  2:51  SCV  
  28  3:02  Command Center  
  28  3:03  SCV  
  29  3:16  SCV  
  29  3:17  Cyclone  
  29  3:18  Cyclone  
  35  3:28  SCV  
  35  3:29  Barracks Tech Lab  
  36  3:34  Supply Depot  
  36  3:44  SCV  
  37  3:49  Marine  
  37  3:50  Stimpack  
  38  3:56  Hellion x2  
  38  3:57  Supply Depot  
  42  4:05  SCV  
  42  4:07  Marine  
  43  4:17  SCV  
  43  4:23  Starport  
  44  4:27  Marine, Factory Reactor  
  44  4:29  SCV  
  46  4:34  Barracks  
  46  4:40  Barracks  
  46  4:44  SCV, Orbital Command  
  47  4:46  Marine  
  45  4:56  SCV  
  46  5:04  Marine  
  45  5:07  Starport Tech Lab  
  45  5:08  SCV  
  44  5:16  SCV  
  44  5:19  Engineering Bay, Refinery  
  44  5:20  SCV  
  46  5:21  Factory Tech Lab  
  46  5:22  Marine x2  
  49  5:28  SCV  
  49  5:32  SCV  
  49  5:34  Marauder  
  52  5:37  Medivac  
  52  5:38  Medivac  
  52  5:39  Marauder  
  61  5:42  Siege Tank  
  61  5:43  SCV  
  61  5:48  Marine x2  
  61  5:49  Refinery  
  64  5:50  SCV  
  64  5:55  SCV  
  66  5:58  Supply Depot  
  66  6:03  Marauder  
  68  6:06  Combat Shields  
  68  6:14  SCV  
  68  6:15  Supply Depot, SCV  
  70  6:20  Siege Tank  
  73  6:26  Supply Depot, Marine  
  73  6:27  Marine  
  73  6:28  Supply Depot  
  73  6:31  Medivac  
  77  6:35  SCV  
  77  6:37  Medivac, SCV  
  81  6:44  Supply Depot  
  81  6:46  Marine x2  
  84  6:47  SCV, Marine x2  
  84  6:51  SCV  
  87  6:55  Siege Tank  
  89  7:14  SCV  
  92  7:21  SCV  
  92  7:28  Command Center  
Tags
 
Composition
MMM Bio
Matchup
PvT
Spawn Locations
Cross Positions
Add a new tag
Caveats
  • Supply blocks, unpowered buildings, or Contaminate may cause inaccurate times.
  • Supply counts are checked every 10 seconds.